 Seeded DCSS version 0.29-a0-284-gf9362112df (webtiles) character file.

Game seed: 684492102606385270 (custom seed)

46 oldmanjim the Skirmisher (level 3, -2/39 HPs)
             Began as an Ogre Gladiator on Mar 26, 2022.
             Killed from afar by an orc wizard (5 damage)
             ... with a puff of flame
             ... on level 3 of the Dungeon.
             The game lasted 00:10:30 (2405 turns).

oldmanjim the Skirmisher (Ogre Gladiator)           Turns: 2405, Time: 00:10:31

Health: -2/39      AC:  3    Str: 18    XL:     3   Next: 66%
Magic:  4/4        EV: 10    Int: 11    God:
Gold:   130        SH:  0    Dex: 10    Spells: 3/4 levels left

rFire   + . .      SeeInvis .   a - +0 flail
rCold   . . .      Faith    .   (no shield)
rNeg    . . .      Spirit   .   b - +0 robe
rPois   .          Reflect  .   c - +0 hat
rElec   .          Harm     .   (no cloak)
rCorr   .          Rampage  .   (gloves unavailable)
Will    .....                   (boots unavailable)
Stlth   +.........              (no amulet)
HPRegen 0.13/turn               n - ring of protection from fire
MPRegen 0.09/turn               (no ring)

@: no status effects
A: large, unfitting armour, tough skin 1
a: no special abilities


You were on level 3 of the Dungeon.
You visited 1 branch of the dungeon, and saw 3 of its levels.

You collected 130 gold pieces.

Inventory:

Hand Weapons
 a - a +0 flail (weapon)
Missiles
 d - 3 throwing nets (quivered)
 e - a large rock
 i - 85 stones
Armour
 b - a +0 robe (worn)
 c - a +0 hat (worn)
Jewellery
 n - a ring of protection from fire (left hand)
Scrolls
 f - a scroll of noise {unknown}
 j - a scroll of teleportation {unknown}
 k - a scroll of identify
 l - a scroll of immolation {unknown}
 m - 2 scrolls of enchant armour {unknown}
Potions
 g - 2 potions of lignification
 h - a potion of flight


   Skills:
 + Level 3.7 Fighting
 + Level 3.2 Maces & Flails
 - Level 2.0 Throwing
 - Level 3.0 Dodging
 + Level 1.2 Spellcasting


You had 3 spell levels left.
You knew the following spells:

 Your Spells              Type           Power      Damage    Failure   Level
a - Animate Skeleton      Necr           0%         N/A       32%         1

Your spell library contained the following spells:

 Spells                   Type           Power      Damage    Failure   Level
 Pain                     Necr           0%         1d4       32%         1
 Vampiric Draining        Necr           0%         2d6       67%         3
 Iskenderun's Battlesphe  Conj           0%         2d6       100%        5
 Iron Shot                Conj/Erth      0%         9d1       100%        6
 Spellforged Servitor     Conj/Summ      0%         N/A       100%        7


Dungeon Overview and Level Annotations

Branches:
Dungeon (3/15)

Altars:


Innate Abilities, Weirdness & Mutations

You are too large for most types of armour.
You have tough skin. (AC +1)


Message History

You are confused.
You hit the orc wizard.
The orc wizard is heavily wounded.
The orc wizard hits you with a +0 dagger.
The orc wizard barely misses you.
You bump into the rock wall.
The orc wizard attacks as you move away!
The orc wizard closely misses you.
You feel less confused.
The orc wizard points at you and mumbles some strange words.
You are confused.
The orc wizard hits you with a +0 dagger.
You bump into the rock wall.
The orc wizard closely misses you. Something hits you but does no damage.
You feel less confused. The hobgoblin barely misses you. Something hits you.
The orc wizard attacks as you move away!
The orc wizard hits you with a +0 dagger.
Something hits you.
* * * LOW HITPOINT WARNING * * *
The hobgoblin attacks as you move away! The hobgoblin barely misses you.
You closely miss the hobgoblin. The hobgoblin hits you.
* * * LOW HITPOINT WARNING * * *
You hit the hobgoblin.
The hobgoblin is lightly wounded.
The hobgoblin hits you.
* * * LOW HITPOINT WARNING * * *
You barely miss the hobgoblin.
The hobgoblin is lightly wounded.
The hobgoblin hits you but does no damage.
You sock the hobgoblin!
You kill the hobgoblin!
Something hits you.
* * * LOW HITPOINT WARNING * * *
Something hits you.
* * * LOW HITPOINT WARNING * * *
You hear some strange, mumbled words.
A puff of flame appears from out of thin air!
The puff of flame hits you. You resist.
You die...

.....#.#####o#####
#.#
.....#...........#
#.#
.....##..###.###.#
#.# ...........#.#
#o# #.#
.....###.#.#.# #.#
#.# .....#
#.#.#.###o#
#######.# .....#
#.......#{#
#.......# .....#
#..##.#.#.#
#.#######
#..##.#.#@# #.#
#...#...#.# #.#
#.#.....#.###.###
#.#.....#.##....#
#.#...###.....#.#
#.##..........#.#
#. #.>.........)#
#. #.#.##########
#.......


You could see an orc wizard and an orc.

Vanquished Creatures
  An adder (D:3)
  A worm (D:3)
  3 orcs (D:3)
  4 ball pythons
  4 endoplasms
  2 giant cockroaches
  A hobgoblin (D:3)
  2 bats
  2 frilled lizards (D:1)
  5 goblins
  3 kobolds (D:1)
  A rat (D:1)
29 creatures vanquished.

Notes
Turn   | Place    | Note
-------+----------+-------------------------------------------
     0 | D:1      | oldmanjim the Ogre Gladiator began the quest for the Orb.
     0 | D:1      | Reached XP level 1. HP: 22/22 MP: 1/1
   368 | D:1      | Reached XP level 2. HP: 31/31 MP: 2/2
   478 | D:1      | Learned a level 1 spell: Animate Skeleton
   582 | D:1      | Found a faded altar of an unknown god.
  1928 | D:3      | Reached XP level 3. HP: 37/37 MP: 2/4
  2017 | D:3      | Reached skill level 1 in Spellcasting
  2405 | D:3      | Killed from afar by an orc wizard

Illustrated notes

Levels and vault maps discovered:
D:1:      dpeg_arrival_rhombus, layout_loops_ring,
          dreamdust_ecumenical_altar_angels_and_demons,
          kennysheep_decorative_pillar, chequers_serial_rivers_room_b,
          grunt_decor_fettered, st_stairs_9
D:2:      layout_basic, serial_bayou_lagoon_a, chequers_serial_rivers_small_3,
          feat_on_display
D:3:      layout_basic

Skill      XL: |  1  2  3 |
---------------+----------+-----
Fighting       | 3 |  3.7
Dodging        | 3 |  3.0
Maces & Flails | 3 |  3.2
Spellcasting   | 1 |  1.2
Throwing       | |  2.0

Action                   || total
-------------------------++-------
Melee: Flail             ||    91
  Use: Scroll            ||     2
 Stab: Sleeping          ||     1
Armor: Robe              ||    29
Dodge: Dodged            ||    57

Table legend: (Time is in decaauts)
 A = Elapsed time spent in this place.
 B = Non-inter-level travel time spent in this place.
 C = Inter-level travel time spent in this place.
 D = Time resting spent in this place.
 E = Time spent auto-exploring this place.
 F = Levels seen in this place.
 G = Mean time per level.
                   A        B        C        D        E       F      G
               +--------+--------+--------+--------+--------+-----+--------+
         Total |   2436 |   2411 |     25 |    229 |   1819 |   3 |  812.0 |
       Dungeon |   2436 |   2411 |     25 |    229 |   1819 |   3 |  812.0 |
               +--------+--------+--------+--------+--------+-----+--------+

Top non-repeatable levels by time:
     D:2: 975 daAuts
     D:1: 841 daAuts
     D:3: 619 daAuts
